 Dungeon Crawl Stone Soup version 0.28-a0-1130-gc51a68064b (webtiles) character file.

Game seed: 9801284289758840291

424 oldriver the Magician (level 6, -4/45 HPs)
             Began as a Draconian Conjurer on Dec 12, 2021.
             Was an Initiate of Vehumet.
             Slain by Pikel (6 damage)
             ... on level 4 of the Dungeon.
             The game lasted 00:04:32 (5276 turns).

oldriver the Magician (Draconian Conjurer)          Turns: 5276, Time: 00:04:33

Health: -4/45      AC:  8    Str:  9    XL:     6   Next: 64%
Magic:  11/15      EV: 12    Int: 20    God:    Vehumet [......]
Gold:   165        SH:  0    Dex: 10    Spells: 15/18 levels left

rFire   . . .      SeeInvis .   f - +2 mace (holy)
rCold   . . .      Faith    .   (no shield)
rNeg    + . .      Spirit   .   (armour unavailable)
rPois   .          Reflect  .   (helmet restricted)
rElec   .          Harm     .   (no cloak)
rCorr   .          Rampage  .   g - +1 pair of gloves
Will    .....                   (no boots)
Stlth   ++........              h - amulet of magic regeneration
HPRegen 0.15/turn               e - ring of positive energy
MPRegen 0.54/turn               (no ring)

@: brilliant, weak-willed, attractive
A: AC +6, unfitting armour, cold-blooded
a: Renounce Religion


You were on level 4 of the Dungeon.
You worshipped Vehumet.
Vehumet was noncommittal.
You visited 2 branches of the dungeon, and saw 5 of its levels.

You collected 165 gold pieces.

Inventory:

Hand Weapons
 f - a +2 mace of holy wrath (weapon)
Armour
 g - a +1 pair of gloves (worn)
Jewellery
 e - a ring of positive energy (left hand)
 h - an amulet of magic regeneration (around neck)
Scrolls
 b - 2 scrolls of identify
 d - a scroll of holy word
 m - 2 scrolls of vulnerability


   Skills:
 + Level 0.2 Fighting
 - Level 1.7 Dodging
 - Level 1.7 Stealth
 * Level 6.5 Spellcasting
 + Level 4.1 Conjurations


You had 15 spell levels left.
You knew the following spells:

 Your Spells              Type           Power      Damage    Failure   Level
a - Magic Dart            Conj           100%       1d8       1%          1
b - Searing Ray           Conj           68%        2d6       2%          2

Your spell library contained the following spells:

 Spells                   Type           Power      Damage    Failure   Level
 Dazzling Flash           Conj/Hex       44%        N/A       13%         3
 Gell's Gravitas          Tloc           9%         N/A       30%         3
 Teleport Other           Tloc           9%         N/A       30%         3
 Fulminant Prism          Conj/Hex       11%        3d9       38%         4
 Iskenderun's Mystic Bla  Conj/Tloc      22%        2d6       38%         4
 Dispersal                Tloc           4%         N/A       100%        6
 Chain Lightning          Conj/Air       11%        3d14      100%        9
 Fire Storm               Conj/Fire      11%        8d3       100%        9
 Shatter                  Erth           4%         3d8*      100%        9


Dungeon Overview and Level Annotations

Branches:
Dungeon (4/15)             Temple (1/1) D:4

Altars:
Ashenzari
Cheibriados
Dithmenos
Elyvilon
Fedhas
Gozag
Hepliaklqana
Kikubaaqudgha
Makhleb
Nemelex Xobeh
Okawaru
Ru
Sif Muna
Trog
Uskayaw
Vehumet
Wu Jian
Xom
Yredelemnul
The Shining One

Annotations:
D:4 Pikel


Innate Abilities, Weirdness & Mutations

Your plain brown scales are hard. (AC +6)
You cannot fit into any form of body armour.
You are cold-blooded and may be slowed by cold attacks.


Message History

d - a scroll of holy word Pikel barely misses you.
As you read the scroll labelled LYUSOTSA TEDGH, it crumbles to dust.
It is a scroll of enchant armour.
Your +0 pair of gloves glows green for a moment.
Pikel barely misses you.
Casting: Searing Ray (safe; 2% risk of failure)
Confirm with . or Enter, or press ? or * to list all spells.
Aiming: Searing Ray (safe; 2% risk of failure)
Press: ? - help, Shift-Dir - straight line, f - lemure
Aim: a lemure (almost dead, weak-willed, 76% to hit)
Okay, then.
Okay, then.
You aren't carrying any potions.
Casting: Searing Ray (safe; 2% risk of failure)
Confirm with . or Enter, or press ? or * to list all spells.
Aiming: Searing Ray (safe; 2% risk of failure)
Press: ? - help, Shift-Dir - straight line, f - lemure
Aim: a lemure (almost dead, weak-willed, 76% to hit)
You feel a surge of power!
The searing ray hits Pikel.
Pikel is heavily wounded.
The searing ray hits the lemure.
You kill the lemure!
That felt strangely unrewarding. (Press . to maintain the ray.) Pikel hits you but does no damage.
The searing ray hits Pikel.
Pikel is heavily wounded.
Pikel closely misses you.
The searing ray hits Pikel.
Pikel is heavily wounded.
Pikel hits you with a +2 whip of freezing.
* * * LOW HITPOINT WARNING * * *
Pikel freezes you.
* * * LOW HITPOINT WARNING * * *
The searing ray hits Pikel.
Pikel is severely wounded.
You finish channelling your searing ray.
Pikel hits you with a +2 whip of freezing.
You die...

#.........# #.#
#......)..
..........# #.#
#########.
.......#..####.###
#.
............5....#
##.
##..........5..#.#
######..
.######....5####.#
#....... .# #.....#
#.# #.####.. .#
##...## #K# #.# ##.
.##### #..## #@#
#####.#####. .....#
#..# #.#
#........... .###.#
#..# #.#
#.###.###### .# #.#
#..# #.# #.# #.###
.###.###>.# #.#
#.###.8.####
.##...##..# #[#
##.##........
..........# #[#
##..##8.>.8.##
.##...##### #)#
#...#.......#
####.##
###.###...#.#.8.###


You could see Pikel (weak-willed).

Vanquished Creatures
  A phantom (D:4)
  4 lemures (D:4)
  A scorpion (D:3)
  A jelly (D:4)
  A gnoll shaman (D:4)
  An iguana (D:4)
  A hound (D:4)
  2 orc wizards (D:4)
  4 gnolls (D:4)
  3 adders (D:3)
  A worm (D:3)
  A dart slug (D:2)
  3 orcs
  4 ball pythons
  7 bats
  7 endoplasms
  4 giant cockroaches
  7 goblins
  A hobgoblin (D:3)
  4 jackals (D:1)
  3 kobolds
  4 quokkas
  A frilled lizard (D:3)
  3 rats
69 creatures vanquished.

Notes
Turn   | Place    | Note
-------+----------+-------------------------------------------
     0 | D:1      | oldriver the Draconian Conjurer began the quest for the
                  | Orb.
     0 | D:1      | Reached XP level 1. HP: 14/14 MP: 3/3
   379 | D:1      | Reached XP level 2. HP: 20/20 MP: 2/5
   382 | D:1      | Learned a level 2 spell: Searing Ray
   533 | D:1      | Found a faded altar of an unknown god.
   776 | D:1      | Reached skill level 3 in Spellcasting
  1737 | D:2      | Found a sacrificial altar of Ru.
  1807 | D:2      | Reached XP level 3. HP: 26/26 MP: 5/7
  2631 | D:3      | Noticed a scorpion
  2769 | D:3      | Killed a scorpion
  2770 | D:3      | Reached skill level 4 in Spellcasting
  2770 | D:3      | Reached XP level 4. HP: 28/33 MP: 5/10
  2876 | D:3      | Found a shimmering blue altar of Sif Muna.
  2879 | D:3      | Found a hide-covered altar of Uskayaw.
  3220 | D:3      | Reached XP level 5. HP: 38/38 MP: 7/12
  3553 | D:4      | Reached skill level 5 in Spellcasting
  3764 | D:4      | Found a staircase to the Ecumenical Temple.
  3798 | Temple   | Entered the Ecumenical Temple
  4109 | Temple   | Became a worshipper of Vehumet
  4392 | D:4      | Noticed a phantom
  4410 | D:4      | Killed a phantom
  4411 | D:4      | Reached skill level 6 in Spellcasting
  4411 | D:4      | Reached XP level 6. HP: 21/45 MP: 10/15
  5224 | D:4      | Noticed Pikel
  5275 | D:4      | HP: 2/45 [Pikel (2)]
  5276 | D:4      | Slain by Pikel

Illustrated notes

Levels and vault maps discovered:
D:1:      dpeg_arrival_short_road, layout_loops_ring,
          ebering_ecumenical_altar_abandoned, serial_bayou_pond_d
D:2:      layout_basic, basic_altar, minmay_tetromino_l4
D:3:      layout_basic, nicolae_overflow_squiral, minmay_vboxes
D:4:      layout_loops_ring, minmay_temple_entry_statues_pillars,
          patterned_corridor, uniq_pikel, uniq_natasha
Temple:   dpeg_five_rooms_temple

Skill      XL: |  1  2  3  4  5 |
---------------+----------------+-----
Spellcasting   | 3 4 6 |  6.5
Fighting       | |  0.2
Dodging        | |  1.7
Stealth        | |  1.7
Conjurations   | |  4.1

Action                   |  1- 3 |  4- 6 || total
-------------------------+-------+-------++-------
Melee: Mace              |       |     7 ||     7
       Tailslap          |       |     1 ||     1
 Cast: Magic Dart        |    53 |    74 ||   127
       Searing Ray       |     1 |    14 ||    15
  Use: Scroll            |       |     5 ||     5
       Potion            |       |     4 ||     4
Armor: Skin              |       |    24 ||    24
Dodge: Dodged            |     3 |    42 ||    45

Table legend: (Time is in decaauts)
 A = Elapsed time spent in this place.
 B = Non-inter-level travel time spent in this place.
 C = Inter-level travel time spent in this place.
 D = Time resting spent in this place.
 E = Time spent auto-exploring this place.
 F = Levels seen in this place.
 G = Mean time per level.
                   A        B        C        D        E       F      G
               +--------+--------+--------+--------+--------+-----+--------+
         Total |   5280 |   5021 |    259 |   1683 |   2916 |   5 | 1056.0 |
       Dungeon |   4937 |   4762 |    175 |   1683 |   2668 |   4 | 1234.2 |
        Temple |    342 |    259 |     83 |      0 |    248 |   1 |  342.0 |
               +--------+--------+--------+--------+--------+-----+--------+

Top non-repeatable levels by time:
     D:1: 1483 daAuts
     D:4: 1472 daAuts
     D:2: 1180 daAuts
     D:3: 801 daAuts
  Temple: 342 daAuts
